Map: 凯罗斯中转站-天梯版

Players

Has - Winner!

  • Race: Protoss Protoss

RiSky

  • Race: Zerg Zerg

Event: WESG 2018 Grand Finals

VOD

Have the link to the VOD?

Description

Time

  • Played on: March 11, 2019, 5:03 a.m.
  • Length: 12:34

All games in this series

Show
View Real Time Build Order
Export as new Build Order

Has Protoss - Winner!

Build Orders: 1 Gate Expand, Oracle Opening, Phoenix Opening, Archon Immortal, Mass Phoenix 

Get SALT Encoding   

  12  0:01  Probe  
  13  0:13  Probe  
  14  0:19  Pylon  
  14  0:25  Probe  
  15  0:30  Assimilator  
  15  0:37  Probe  
  16  0:44  Gateway  
  16  0:45  Probe  
  17  0:53  Probe  
  17  1:01  Probe  
  18  1:09  Probe  
  20  1:25  Nexus  
  20  1:35  Cybernetics Core  
  20  1:37  Probe  
  21  1:43  Assimilator  
  21  1:49  Probe  
  22  1:56  Pylon  
  22  2:01  Probe  
  22  2:04  Adept  
  23  2:11  Warp Gate  
  23  2:14  Probe  
  26  2:24  Stargate  
  26  2:26  Probe  
  27  2:34  Adept, Probe  
  29  2:38  Probe  
  29  2:42  Probe  
  31  2:50  Probe  
  33  2:52  Probe  
  34  3:02  Probe  
  34  3:04  Probe  
  36  3:07  Oracle  
  39  3:15  Probe  
  39  3:16  Probe  
  39  3:19  Gateway  
  41  3:26  Probe  
  41  3:27  Probe  
  42  3:31  Twilight Council  
  42  3:33  Pylon  
  43  3:35  Probe  
  43  3:39  Probe  
  45  3:43  Probe  
  45  3:47  Assimilator, Phoenix  
  46  3:49  Assimilator  
  46  3:51  Probe  
  46  3:54  Probe  
  50  3:59  Stalker  
  52  4:03  Probe  
  52  4:04  Pylon  
  52  4:06  Probe  
  54  4:10  Stargate  
  54  4:19  Stargate  
  54  4:22  Probe x2  
  54  4:23  Pylon  
  56  4:29  Phoenix  
  58  4:37  Pylon  
  58  4:39  Charge  
  58  4:45  Nexus  
  58  4:47  Pylon, Phoenix  
  60  5:03  Phoenix x2  
  64  5:18  Gateway x2  
  64  5:21  Gateway  
  64  5:23  Gateway  
  64  5:26  Gateway, Phoenix  
  66  5:32  Phoenix  
  68  5:40  Zealot  
  68  5:42  Zealot  
  72  5:51  Phoenix  
  74  5:57  Phoenix  
  74  6:02  Pylon  
  74  6:16  Phoenix  
  74  6:21  Zealot x6  
  74  6:24  Phoenix  
  88  6:28  Zealot  
  88  6:30  Probe  
  92  6:42  Zealot x2  
  92  6:43  Zealot x3  
  100  6:48  Zealot x2  
  104  7:03  Pylon, Zealot x2  
  105  7:21  Zealot x5  
  105  7:22  Phoenix  
  115  7:27  Probe x2  
  111  7:32  Probe  
  104  7:37  Robotics Facility  
  104  7:38  Sentry x2  
  104  7:39  Probe  
  104  7:40  Probe  
  104  7:41  Pylon  
  110  7:44  Probe  
  110  7:48  Zealot x2  
  115  7:52  Forge  
  115  7:57  Probe x2  
  115  7:58  Probe  
  117  8:02  Protoss Ground Weapons Level 1  
  117  8:12  Probe  
  118  8:13  Probe x2  
  118  8:14  Robotics Facility  
  118  8:15  Sentry x2  
  124  8:24  Probe  
  125  8:30  Pylon  
  125  8:31  Assimilator  
  125  8:33  Pylon  
  125  8:38  Immortal  
  129  8:49  Immortal  
  129  8:52  Assimilator  
  129  8:56  Templar Archives  
  133  9:07  Immortal  
  133  9:12  Pylon  
  133  9:13  Nexus  
  133  9:15  Pylon  
  133  9:21  Immortal  
  137  9:28  Pylon  
  137  9:29  Pylon  
  141  9:31  Pylon  
  139  9:38  Immortal  
  139  9:41  High Templar x4  
  139  9:42  Zealot x3  
  153  9:46  Archon  
  153  9:47  Archon  
  153  9:51  Shield Battery, Immortal  
  157  9:59  Protoss Ground Weapons Level 2  
  158  10:21  Zealot x7  
  158  10:25  Immortal  
  136  10:53  Immortal  
  136  10:55  Immortal  
  112  11:04  Zealot x7  
  112  11:07  Probe x2  
  112  11:08  Probe  
  127  11:18  Probe  
  128  11:19  Probe  
  128  11:20  Probe x2  
  128  11:24  High Templar x2, Immortal  
  128  11:25  High Templar x4  
  139  11:26  Zealot  
  139  11:29  Archon x3, Gateway  
  139  11:31  Probe, Gateway  
  146  11:33  Pylon, Observer  
  151  11:44  Immortal  
  151  11:49  Sentry  
  157  11:58  Zealot x4  
  157  12:00  Zealot  
  145  12:26  Zealot  
  145  12:27  Zealot x5  
Show
View Real Time Build Order
Export as new Build Order

RiSky Zerg 

Build Orders: Hatch First, Roach Hydra 

Get SALT Encoding   

  12  0:00  Drone  
  13  0:12  Overlord  
  13  0:16  Drone  
  14  0:30  Drone x2  
  16  0:48  Hatchery  
  15  0:52  Drone  
  15  0:55  Drone  
  17  0:58  Drone  
  18  1:09  Extractor  
  17  1:14  Spawning Pool  
  17  1:17  Drone  
  17  1:20  Drone  
  18  1:27  Drone  
  19  1:38  Drone  
  20  1:48  Overlord  
  20  2:00  Queen x2  
  24  2:01  Zergling x4  
  26  2:10  Metabolic Boost, Drone  
  26  2:12  Drone  
  28  2:22  Drone x2  
  30  2:34  Hatchery  
  29  2:38  Drone  
  29  2:39  Drone  
  31  2:46  Queen  
  31  2:50  Overlord  
  32  2:53  Zergling x2  
  33  2:59  Drone  
  33  3:00  Drone  
  35  3:11  Drone x3  
  38  3:15  Overlord  
  38  3:17  Drone x4  
  41  3:20  Drone  
  42  3:27  Drone  
  43  3:36  Queen  
  43  3:37  Drone  
  43  3:39  Spore Crawler  
  46  3:41  Drone x2  
  46  3:43  Drone x2  
  46  3:45  Drone  
  46  3:47  Queen  
  52  3:49  Spore Crawler  
  52  3:51  Drone  
  52  3:54  Drone  
  53  3:57  Overlord  
  53  3:58  Drone  
  53  4:00  Drone  
  53  4:02  Drone  
  56  4:06  Drone  
  57  4:10  Overlord  
  57  4:16  Drone x2  
  59  4:23  Overlord  
  59  4:25  Lair  
  59  4:30  Drone x3  
  59  4:31  Overlord  
  62  4:33  Drone x2  
  62  4:34  Roach Warren, Drone  
  62  4:37  Zergling x2  
  65  4:42  Overlord  
  65  4:43  Drone  
  65  4:44  Zergling x2, Drone  
  65  4:45  Zergling x6  
  71  4:49  Evolution Chamber  
  71  4:51  Drone  
  71  4:52  Drone  
  72  4:54  Extractor  
  72  4:55  Drone x2  
  72  4:56  Extractor  
  72  4:57  Drone x2  
  74  5:02  Drone x2  
  74  5:04  Overlord, Extractor  
  74  5:05  Extractor  
  74  5:09  Drone x2  
  74  5:12  Overlord  
  76  5:15  Roach  
  76  5:17  Roach  
  80  5:22  Roach  
  80  5:23  Glial Reconstitution  
  80  5:24  Overlord  
  80  5:26  Roach  
  86  5:36  Zerg Missile Weapons Level 1  
  86  5:41  Queen x2  
  98  5:43  Queen  
  98  5:47  Drone x4  
  98  5:49  Drone x2  
  96  5:50  Drone  
  96  5:52  Drone  
  98  5:57  Spore Crawler, Drone  
  98  5:59  Spore Crawler  
  98  6:01  Spore Crawler  
  98  6:02  Drone x2  
  98  6:06  Drone  
  97  6:12  Spore Crawler  
  97  6:13  Drone  
  97  6:17  Queen  
  97  6:20  Queen, Hydralisk Den  
  97  6:21  Extractor  
  97  6:25  Overlord  
  97  6:26  Overlord  
  97  6:27  Drone  
  97  6:30  Overlord  
  97  6:31  Infestation Pit  
  97  6:35  Overlord, Baneling Nest  
  97  6:36  Overlord  
  95  6:43  Queen  
  95  6:45  Roach x4  
  105  6:50  Roach x2  
  105  6:51  Roach  
  111  6:56  Overlord  
  111  6:58  Roach  
  106  7:29  Queen  
  104  7:30  Overlord  
  104  7:35  Grooved Spines  
  104  7:36  Centrifical Hooks  
  104  7:41  Overlord x2  
  104  7:49  Overseer  
  104  7:56  Hatchery  
  103  8:04  Overlord x3  
  101  8:06  Overlord  
  101  8:07  Overlord  
  101  8:10  Overlord  
  101  8:11  Overlord x2  
  101  8:15  Overseer  
  101  8:22  Zerg Missile Weapons Level 2, Queen x3  
  101  8:26  Roach x6  
  101  8:27  Roach x2, Hydralisk  
  122  8:29  Spore Crawler  
  123  8:37  Hydralisk x5  
  123  8:40  Hydralisk  
  135  8:46  Ravager  
  135  8:48  Muscular Augments, Hydralisk x2  
  136  8:55  Hydralisk  
  140  8:58  Queen x2  
  140  9:00  Hydralisk x2  
  150  9:04  Hydralisk  
  150  9:08  Infestation Pit, Hydralisk  
  150  9:09  Hydralisk x2  
  157  9:13  Hydralisk x3  
  157  9:14  Hydralisk  
  165  9:19  Overseer  
  165  9:20  Hydralisk x2  
  167  9:27  Overlord x2  
  167  9:32  Overlord x2  
  167  9:37  Overlord x2  
  161  9:43  Overlord  
  161  9:45  Hive  
  161  9:46  Spire, Zergling x10  
  161  9:51  Drone x2  
  161  9:52  Evolution Chamber  
  166  9:56  Drone x3  
  166  9:57  Drone  
  170  10:02  Drone  
  170  10:03  Drone  
  170  10:04  Drone x2  
  174  10:11  Drone x2  
  174  10:12  Drone  
  171  10:15  Hydralisk x3  
  171  10:17  Hydralisk  
  171  10:19  Hydralisk  
  174  10:22  Hydralisk  
  174  10:26  Roach x2  
  170  10:28  Roach  
  170  10:31  Zergling x6  
  173  10:37  Zergling x2  
  173  10:38  Zergling x10  
  173  10:48  Pneumatized Carapace  
  157  10:50  Hydralisk x5  
  157  10:52  Hydralisk  
  157  10:56  Roach x2  
  147  11:00  Roach x2  
  147  11:04  Roach x3  
  136  11:08  Roach x3  
  135  11:13  Hydralisk x2  
  135  11:16  Greater Spire  
  139  11:24  Zergling x6  
  142  11:29  Drone x2  
  142  11:32  Zergling x6  
  147  11:34  Zergling x6  
  150  11:41  Overseer  
  150  11:44  Zergling x20  
  152  11:50  Baneling  
  152  11:51  Zergling x4, Baneling x5  
  152  11:57  Baneling x12  
  159  12:16  Hatchery  
Tags
 
Add a new tag
Caveats
  • Supply blocks, unpowered buildings, or Contaminate may cause inaccurate times.
  • Supply counts are checked every 10 seconds.